 Dungeon Crawl Stone Soup version 0.28-a0-537-g3bccd9ccbf (webtiles) character file.

Game seed: 17956072329642716983

53 tilp the Conjurer (level 3, -3/14 HPs)
             Began as a Felid Hedge Wizard on Sept 28, 2021.
             Killed from afar by Natasha (11 damage)
             ... with a magic dart
             ... on level 2 of the Dungeon.
             The game lasted 00:04:45 (1912 turns).

tilp the Conjurer (Felid Hedge Wizard)              Turns: 1912, Time: 00:04:45

Health: -3/14      AC:  1    Str:  6    XL:     3   Next: 62%
Magic:  5/8        EV: 17    Int: 16    God:
Gold:   112        SH:  0    Dex: 15    Spells: 1/8 levels left
                                        Lives:  0   Deaths: 0

rFire   . . .      SeeInvis +   (weapon unavailable)
rCold   . . .      Faith    .   (shield unavailable)
rNeg    . . .      Spirit   .   (armour unavailable)
rPois   .          Reflect  .   (helmet unavailable)
rElec   .          Harm     .   (cloak unavailable)
rCorr   .          Rampage  .   (gloves unavailable)
Will    .....                   (boots unavailable)
Stlth   ++........              (no amulet)
HPRegen 0.04/turn               (no ring)
MPRegen 0.11/turn               (no ring)

@: quick
A: very small, claws 1, fangs 3, see invisible, speed 1, shaggy fur 1, stealthy
paws, no weapons or thrown items, no armour, multi-lived
a: no special abilities


You were on level 2 of the Dungeon.
You visited 1 branch of the dungeon, and saw 2 of its levels.

You collected 112 gold pieces.

Inventory:

Scrolls
 c - a scroll of fog {unknown}
Potions
 a - a potion of curing {unknown}
 b - a potion of lignification {unknown}


   Skills:
 - Level 2.6 Dodging
 - Level 2.6 Stealth
 - Level 3.0 Spellcasting
 + Level 3.2 Conjurations
 - Level 1.0 Summonings
 - Level 1.5 Translocations


You had one spell level left.
You knew the following spells:

 Your Spells              Type           Power      Damage    Failure   Level
a - Magic Dart            Conj           48%        1d5       4%          1
b - Call Imp              Summ           5%         N/A       19%         2
c - Blink                 Tloc           N/A        N/A       16%         2
d - Slow                  Hex            2%         N/A       28%         2

Your spell library contained the following spells:

 Spells                   Type           Power      Damage    Failure   Level
 Conjure Flame            Conj/Fire      7%         6-21      28%         3
 Mephitic Cloud           Conj/Pois/Air  5%         N/A       34%         3


Dungeon Overview and Level Annotations

Branches:
Dungeon (2/15)

Altars:

Shops:
D:1 ::=(=

Annotations:
D:2 Natasha


Innate Abilities, Weirdness & Mutations

You have sharp claws.
You have razor-sharp teeth.
You have supernaturally acute eyesight. (SInv)
You cover ground quickly. (Speed+)
You are covered in fur. (AC +1)
Your paws help you pounce on unaware monsters.
You are incapable of wielding weapons or throwing items.
You cannot wear armour.
You gain extra lives every three experience levels.


Message History

Press: ? - help, Shift-Dir - straight line, f/p - ball python
Aim: a ball python (moderately wounded, 100% to hit)
The magic dart hits the ball python.
You kill the ball python!
Unknown command.
You now have 112 gold pieces (gained 9).
Natasha, Servant of Life and Death comes into view.
Casting: Magic Dart (safe; 4% risk of failure)
Confirm with . or Enter, or press ? or * to list all spells.
Aiming: Magic Dart (safe; 4% risk of failure)
Press: ? - help, Shift-Dir - straight line, f - Natasha
Aim: Natasha (wandering, hasn't noticed you, 100% to hit)
The magic dart hits Natasha but does no damage.
Natasha hisses angrily.
Natasha stares at you and mumbles some strange words.
You resist with some effort.
Casting: Magic Dart (safe; 4% risk of failure)
Confirm with . or Enter, or press ? or * to list all spells.
The spell is potentially lethal to cast (28% risk of failure)!
Continue anyway?
Okay, then.
Casting: Slow (potentially lethal; 28% risk of failure)
Confirm with . or Enter, or press ? or * to list all spells.
Aiming: Magic Dart (safe; 4% risk of failure)
Press: ? - help, Shift-Dir - straight line, f/p - Natasha
Aim: Natasha (100% to hit)
The magic dart hits Natasha.
Natasha is lightly wounded.
Natasha stares at you and mumbles some strange words.
The magic dart hits you.
Casting: Magic Dart (safe; 4% risk of failure)
Confirm with . or Enter, or press ? or * to list all spells.
Aiming: Magic Dart (safe; 4% risk of failure)
Press: ? - help, Shift-Dir - straight line, f/p - Natasha
Aim: Natasha (lightly wounded, 100% to hit)
The magic dart hits Natasha.
Natasha is lightly wounded.
Natasha casts a spell at you. The magic dart hits you!
Ouch! That really hurt!
You die...

...........##.##..##.#..#
#############.###.##.#.####
#.###..#.#....#
#########..h...#.####.#
#.......####.#.#...<#.#
#..†<....# #.#..##..#.#
#........###........#.#
#................##.#)#
#.......####@....##.#.#
#.......# #....>...#.#
####...†...# #...#.####†#
#..........# #...#....#.#
#....####### #..........#
#....# #.........## #....#
#.......).# #....#
#.........# #....#
#.........#


You could see Natasha.

Vanquished Creatures
  Natasha (D:2)
  2 endoplasms
  2 hobgoblins (D:2)
  3 quokkas
  10 ball pythons
  5 kobolds
  5 rats
28 creatures vanquished.

Notes
Turn   | Place    | Note
-------+----------+-------------------------------------------
     0 | D:1      | tilp the Felid Hedge Wizard began the quest for the Orb.
     0 | D:1      | Reached XP level 1. HP: 7/7 MP: 5/5
    38 | D:1      | Found Veminnea's Jewellery Boutique.
   279 | D:1      | Reached skill level 1 in Conjurations
   379 | D:1      | Found Geoppyho's Weapon Shop.
   380 | D:1      | Found Byr Bywe's Jewellery Emporium.
   381 | D:1      | Found a faded altar of an unknown god.
   452 | D:1      | Found Kalail's Book Shoppe.
   620 | D:1      | Found Toshaib's Book Shop.
   698 | D:1      | Reached XP level 2. HP: 11/11 MP: 1/7
   701 | D:1      | Learned a level 2 spell: Call Imp
   704 | D:1      | Learned a level 2 spell: Blink
   707 | D:1      | Learned a level 2 spell: Slow
   893 | D:1      | Identified the +9 flail of Taogyih {speed, MP+9}
  1091 | D:2      | Noticed Natasha
  1096 | D:2      | Killed Natasha
  1097 | D:2      | Reached XP level 3. HP: 14/14 MP: 4/8
  1909 | D:2      | Noticed Natasha
  1912 | D:2      | Killed from afar by Natasha

Illustrated notes

Levels and vault maps discovered:
D:1:      amcnicky_arrival_flooded_fountain, layout_basic,
          ebering_ecumenical_altar_rust, serial_shops, shop,
          nicolae_diamond_shop, shop, shop, nicolae_shop_behind_doors,
          st_stairs_4, chequers_jeans, minivault_5
D:2:      layout_basic, corexii_leaking_fountain, uniq_natasha

Skill      XL: |  1  2  3 |
---------------+----------+-----
Conjurations   | 1 2 3 |  3.2
Dodging        | |  2.6
Stealth        | |  2.6
Spellcasting   | |  3.0
Summonings     | |  1.0
Translocations | |  1.5

Action                   || total
-------------------------++-------
Melee: Unarmed           ||     4
       Bite              ||     1
 Cast: Magic Dart        ||    74
  Use: Scroll            ||     3
 Stab: Sleeping          ||     1
Dodge: Dodged            ||    12

Table legend: (Time is in decaauts)
 A = Elapsed time spent in this place.
 B = Non-inter-level travel time spent in this place.
 C = Inter-level travel time spent in this place.
 D = Time resting spent in this place.
 E = Time spent auto-exploring this place.
 F = Levels seen in this place.
 G = Mean time per level.
                   A        B        C        D        E       F      G
               +--------+--------+--------+--------+--------+-----+--------+
         Total |   1706 |   1623 |     83 |    574 |    784 |   2 |  853.0 |
       Dungeon |   1706 |   1623 |     83 |    574 |    784 |   2 |  853.0 |
               +--------+--------+--------+--------+--------+-----+--------+

Top non-repeatable levels by time:
     D:1: 918 daAuts
     D:2: 787 daAuts
